 Dungeon Crawl Stone Soup version 0.28.0-45-g0d030f2227 (webtiles) character file.

Game seed: 17431308221952750068

12577 RascalDebosk the Fighter (level 11, -6/104 HPs)
             Began as a Minotaur Berserker on Apr 10, 2022.
             Was an Elder of Trog.
             Mangled by an orc warrior
             ... wielding a +0 halberd
              (8 damage)
             ... on level 9 of the Dungeon.
             The game lasted 01:06:43 (9929 turns).

RascalDebosk the Fighter (Minotaur Berserker)       Turns: 9929, Time: 01:06:44

Health: -6/104     AC: 24    Str: 31    XL:     11   Next: 64%
Magic:  0/10       EV:  7    Int: 13    God:    Trog [****..]
Gold:   255        SH:  0    Dex: 17    Spells: 10/10 levels left

rFire   + . .      SeeInvis .   D - +5 halberd "Xuxafypa" {freeze, Drain rElec Int+7 Dex+2}
rCold   + . .      Faith    .   (shield currently unavailable)
rNeg    . . .      Spirit   +   F - +3 gold dragon scales
rPois   +          Reflect  .   (helmet restricted)
rElec   +          Harm     .   (no cloak)
rCorr   .          Rampage  .   (no gloves)
Will    .....                   E - +2 pair of boots {Fly}
Stlth   ..........              C - amulet of guardian spirit
HPRegen 0.27/turn               m - +6 ring of strength
MPRegen 0.12/turn               r - +6 ring of dexterity

@: on berserk cooldown, flying, slowed, studying Fighting, very slow
A: horns 2, retaliatory headbutt
a: Renounce Religion, Berserk, Trog's Hand, Brothers in Arms


You were on level 9 of the Dungeon.
You worshipped Trog.
Trog was greatly pleased with you.
You visited 2 branches of the dungeon, and saw 10 of its levels.
You also visited: Ossuary and Bailey.

You collected 514 gold pieces.
You spent 259 gold pieces at shops.

Inventory:

Hand Weapons
 a - a +1 hand axe
 n - a +0 broad axe
 w - a +0 war axe
 B - a +2 hand axe of electrocution
 D - the +5 halberd "Xuxafypa" (weapon) {freeze, Drain rElec Int+7 Dex+2}
   (You found it in a bailey)

   It freezes those it strikes, dealing additional cold damage.
   It can also slow down cold-blooded creatures.
   Int:       It affects your intelligence (+7).
   Dex:       It affects your dexterity (+2).
   rElec:     It insulates you from electricity.
   Drain:     It drains your maximum health when unequipped.
Missiles
 k - 21 poisoned darts (quivered)
 o - 8 boomerangs
Armour
 E - a +2 pair of boots of flying (worn)
 F - +3 gold dragon scales (worn)
Jewellery
 d - a ring of protection from fire
 m - a +6 ring of strength (left hand)
 r - a +6 ring of dexterity (right hand)
 C - an amulet of guardian spirit (around neck)
Wands
 l - a wand of paralysis (8)
 u - a wand of charming (18)
 y - a wand of polymorph (5)
Scrolls
 c - a scroll of blinking
 q - 2 scrolls of identify
 s - a scroll of magic mapping
 t - a scroll of fear
 v - 2 scrolls of fog
Potions
 b - a potion of flight
 e - a potion of lignification {unknown}
 g - 2 potions of might
 h - 2 potions of curing
 i - 3 potions of magic
 j - 3 potions of resistance
 p - a potion of cancellation {unknown}
 x - a potion of heal wounds {unknown}
 z - 2 potions of berserk rage
 A - 2 potions of haste {unknown}
Miscellaneous
 f - a condenser vane


   Skills:
 + Level 12.0 Fighting
 + Level 10.8 Axes
 + Level 8.3 Throwing
 + Level 10.4 Armour
 - Level 2.1 Dodging
 + Level 7.6 Evocations


You had 10 spell levels left.
You didn't know any spells.
Your spell library was empty.

Dungeon Overview and Level Annotations

Branches:
Dungeon (8/15)             Temple (1/1) D:7            Lair (0/6) D:8
Ossuary (visited)          Bailey (visited)

Altars:
Ashenzari
Cheibriados
Dithmenos
Elyvilon
Fedhas
Gozag
Hepliaklqana
Makhleb
Nemelex Xobeh
Okawaru
Qazlal
Ru
Sif Muna
Trog
Uskayaw
Vehumet
Wu Jian
Xom
Zin
The Shining One

Shops:
D:7 [

Annotations:
D:3 3 runed translucent doors, Antichthon's ghost, amateur NaWr; Modestlyawesome's ghost, amateur DsGl
D:7 exclusion: statue


Innate Abilities, Weirdness & Mutations

You have a pair of horns on your head.
You reflexively headbutt those who attack you in melee.


Message History

Press: ? - help, Dir - move target, f/p - boulder beetle
Aim: a boulder beetle (severely wounded, about 9% to evade the +5 halberd "Xuxafypa")
You reach to attack!
You slice the boulder beetle!! You freeze the boulder beetle.
You kill the boulder beetle!
Trog accepts your kill.
Your Fighting skill increases to level 12!
Unknown command.
Found a robe.
You now have 255 gold pieces (gained 18).
You start resting.
An orc warrior is nearby!
An orc warrior is nearby!
You are too injured to fight recklessly!
You are too injured to fight recklessly!
You are too injured to fight recklessly!
The orc warrior closely misses you.
The orc warrior hits you but does no damage.
Reach: D) +5 halberd "Xuxafypa" {freeze, Drain rElec Int+7 Dex+2}
Press: ? - help, Dir - move target, f - orc warrior
Aim: an orc warrior, wielding a +0 halberd, wearing a +0 plate armour of fire resistance and carrying a wand of paralysis (2) (moderately wounded, about 31% to evade the +5 halberd "Xuxafypa")
You reach to attack!
You hit the orc warrior but do no damage.
The orc warrior is moderately wounded.
The orc warrior zaps a wand.
You suddenly lose the ability to move!
The orc warrior hits you from afar with a +0 halberd.
* * * LOW HITPOINT WARNING * * *
The orc warrior zaps a wand.
You easily resist.
The now-empty wand crumbles to dust.
The orc warrior hits you from afar with a +0 halberd.
* * * LOW HITPOINT WARNING * * *
The orc warrior hits you but does no damage.
You can move again.
Reach: D) +5 halberd "Xuxafypa" {freeze, Drain rElec Int+7 Dex+2}
Press: ? - help, Dir - move target, f/p - orc warrior
Aim: an orc warrior, wielding a +0 halberd and wearing a +0 plate armour of fire resistance (moderately wounded, about 31% to evade the +5 halberd "Xuxafypa")
You reach to attack!
You closely miss the orc warrior.
The orc warrior is moderately wounded.
The orc warrior hits you from afar with a +0 halberd!
You die...

o.# #8.# ... ###.. #.#.#
.## #@#.##..... ...##
.#.#.#.#.##....#
......###.......o).#....#
........###.#.#.#[##....#
#........###[#.#.##....#
#.........)###[#.##....#
#.....(......###..#....#
#..............###.....###
#.......>.....)..†.........


You could see an orc warrior.

Vanquished Creatures
  A rakshasa (D:9)
  A hydra (D:9)
  A boulder beetle (D:9)
  3 centaur warriors (D:9)
  A two-headed ogre (D:8)
  3 death yaks (D:8)
  An orc knight (Bailey)
  A cyclops (D:9)
  2 kobold demonologists (Bailey)
  Sigmund (D:6)
  2 wyverns
  6 yaks (D:8)
  A steam dragon (D:9)
  A water moccasin (D:7)
  2 sky beasts
  An ice beast (D:7)
  7 orc warriors (Bailey)
  A necrophage (D:6)
  2 ogres
  3 centaurs
  A phantom (D:6)
  2 kobold brigands (D:8)
  3 bullfrogs
  A gnoll sergeant (D:9)
  3 scorpions
  A water moccasin zombie (D:5)
  9 wights (D:8)
  5 electric eels (Bailey)
  3 howler monkeys
  5 centaur zombies
  5 hounds
  A bullfrog skeleton (D:5)
  6 orc priests (D:6)
  A centaur skeleton (D:7)
  An iguana (D:5)
  Terence (D:3)
  2 hell rats (D:8)
  An orc wizard (D:6)
  A killer bee zombie (D:5)
  A hound zombie (D:5)
  5 mummies (Ossuary)
  4 gnolls (Bailey)
  9 adders
  A river rat (D:8)
  A shadow imp (D:6)
  2 white imps (D:6)
  An adder skeleton (D:4)
  2 worms (D:3)
  4 dart slugs
  21 orcs
  10 bats
  5 endoplasms
  A giant cockroach (D:3)
  16 goblins
  11 hobgoblins
  6 jackals
  12 quokkas
  4 ball pythons
  2 frilled lizards (D:3)
  A hobgoblin zombie (Ossuary)
  14 kobolds
  9 rats
235 creatures vanquished.

Vanquished Creatures (others)
  6 withered plants (D:3)
6 creatures vanquished.

Grand Total: 241 creatures vanquished

Notes
Turn   | Place    | Note
-------+----------+-------------------------------------------
     0 | D:1      | RascalDebosk the Minotaur Berserker began the quest for the
                  | Orb.
     0 | D:1      | Reached XP level 1. HP: 19/19 MP: 0/0
   220 | D:1      | Reached XP level 2. HP: 16/27 MP: 1/1
  1234 | D:2      | Reached skill level 1 in Throwing
  1244 | D:2      | Reached skill level 4 in Fighting
  1244 | D:2      | Reached XP level 3. HP: 7/33 MP: 2/2
  1522 | D:2      | Reached skill level 1 in Evocations
  1527 | D:2      | Reached ** piety under Trog
  2229 | D:2      | Reached XP level 4. HP: 24/40 MP: 3/3
  2581 | D:3      | Found a runed translucent gate.
  2581 | D:3      | Found a runed translucent gate.
  2581 | D:3      | Found a runed translucent gate.
  2585 | D:3      | Noticed Modestlyawesome's ghost (amateur DsGl)
  2585 | D:3      | Noticed Antichthon's ghost (amateur NaWr)
  3000 | D:3      | Found a stormy altar of Qazlal.
  3038 | D:3      | Found an ornate altar of the Wu Jian Council.
  3065 | D:3      | Noticed Terence
  3074 | D:3      | Killed Terence
  3239 | D:3      | Reached XP level 5. HP: 39/47 MP: 4/4
  4158 | D:4      | Found a hide-covered altar of Uskayaw.
  4169 | D:4      | Reached XP level 6. HP: 28/55 MP: 5/5
  4177 | D:4      | Found a sand-covered staircase.
  4247 | Ossuary  | Entered an ossuary
  4256 | Ossuary  | Reached skill level 5 in Axes
  4266 | Ossuary  | Reached skill level 5 in Fighting
  4588 | D:4      | Found a burning altar of Makhleb.
  4974 | D:4      | Identified the +11 rapier of Linearity {vorpal, rF+ rN+
                  | Int+3}
  5147 | D:5      | Entered Level 5 of the Dungeon
  5159 | D:5      | Reached *** piety under Trog
  5160 | D:5      | Reached XP level 7. HP: 59/61 MP: 6/6
  5307 | D:5      | Reached skill level 5 in Armour
  5962 | D:6      | Found a bloodstained altar of Trog.
  5968 | D:6      | Reached skill level 6 in Fighting
  6028 | D:6      | Reached XP level 8. HP: 70/70 MP: 7/7
  6107 | D:6      | Found a hazy altar of Hepliaklqana.
  6107 | D:6      | Found a sparkling altar of Nemelex Xobeh.
  6553 | D:6      | Noticed Sigmund
  6561 | D:6      | Killed Sigmund
  6853 | D:6      | Reached skill level 7 in Fighting
  7145 | D:7      | Found a white marble altar of Elyvilon.
  7272 | D:7      | Reached skill level 5 in Throwing
  7272 | D:7      | Reached XP level 9. HP: 79/79 MP: 8/8
  7278 | D:7      | Found a radiant altar of Vehumet.
  7392 | D:7      | Found a staircase to the Ecumenical Temple.
  7404 | Temple   | Entered the Ecumenical Temple
  7673 | D:7      | Found Ruufued's Armour Boutique.
  7682 | D:7      | Bought a +2 chain mail of poison resistance for 259 gold
                  | pieces
  7828 | D:8      | Noticed a death yak
  7828 | D:8      | Found a staircase to the Lair.
  7830 | D:8      | Noticed a death yak
  7834 | D:8      | Noticed a death yak
  7901 | D:8      | Killed a death yak
  7902 | D:8      | Reached skill level 8 in Fighting
  7902 | D:8      | Reached skill level 5 in Evocations
  7903 | D:8      | Killed a death yak
  7908 | D:8      | Killed a death yak
  7909 | D:8      | Reached XP level 10. HP: 18/90 MP: 1/9
  8089 | D:8      | Found an iron altar of Okawaru.
  8120 | D:8      | Found a flagged portal.
  8161 | Bailey   | Entered a bailey
  8264 | Bailey   | Noticed an orc knight
  8274 | Bailey   | Killed an orc knight
  8275 | Bailey   | Reached skill level 9 in Fighting
  8728 | Bailey   | Found an iron altar of Okawaru.
  8778 | Bailey   | Identified the +5 halberd "Xuxafypa" {freeze, Drain rElec
                  | Int+7 Dex+2}
  8855 | Bailey   | Acquired a manual of Fighting
  9547 | D:8      | Noticed a two-headed ogre
  9553 | D:8      | Killed a two-headed ogre
  9554 | D:8      | Reached skill level 10 in Fighting
  9649 | D:8      | Reached XP level 11. HP: 85/101 MP: 10/10
  9655 | D:8      | Reached skill level 10 in Axes
  9844 | D:8      | You are sucked into a shaft and drop 1 floor!
  9846 | D:9      | Reached **** piety under Trog
  9868 | D:9      | Noticed a four-headed hydra
  9868 | D:9      | Noticed a boulder beetle
  9870 | D:9      | Noticed a centaur warrior
  9876 | D:9      | Killed a seven-headed hydra
  9879 | D:9      | Killed a centaur warrior
  9880 | D:9      | Reached skill level 11 in Fighting
  9880 | D:9      | Noticed a centaur warrior
  9881 | D:9      | Noticed a rakshasa
  9885 | D:9      | Noticed a centaur warrior
  9892 | D:9      | Killed a rakshasa
  9893 | D:9      | Reached skill level 10 in Armour
  9898 | D:9      | Killed a centaur warrior
  9901 | D:9      | Killed a centaur warrior
  9915 | D:9      | HP: 2/104 [boulder beetle (11)]
  9918 | D:9      | Killed a boulder beetle
  9919 | D:9      | Reached skill level 12 in Fighting
  9925 | D:9      | Paralysed by an orc warrior for 4 turns
  9925 | D:9      | HP: 4/104 [orc warrior/+0 halberd (3)]
  9927 | D:9      | HP: 1/104 [orc warrior/+0 halberd (3)]
  9929 | D:9      | Mangled by an orc warrior

Illustrated notes

Levels and vault maps discovered:
D:1:      ncdulo_lavacross, layout_basic, serial_glass, glass_columns_a,
          glass_columns_b, glass_columns_a
D:2:      layout_basic
D:3:      minmay_octagon_keep, layout_basic, lemuel_coloured_pillars_altar,
          nzn_wu_jian_contemplation, gammafunk_ghost_cemetery,
          cheibrodos_sewer_entry_bend, uniq_terence
D:4:      layout_rooms, mainiacjoe_overflow_paths, overflow_temple_1_default,
          lightli_ossuary_entry_decrepit_ruins, minivault_26
D:5:      layout_loops_ring
D:6:      layout_gridville, trog_three_pillars_becter, jmf_multi_god_temple,
          serial_glass, glass_columns_b, glass_columns_a, due_unseen_surprise,
          uniq_sigmund
D:7:      layout_cave_pools, vehumet_statue, elyvilon_altar_4,
          minmay_temple_entry_mist, serial_shops, nicolae_lakefront_shop,
          chequers_arboretum
D:8:      layout_basic, mainiacjoe_overflow_boulevard, dpeg_lair_monsters,
          enter_bailey_4, grunt_ministairs_5, dk_rats_in_the_wall
D:9:      minmay_the_grid_triangle_9x9_recursive_2_mashed
          [minmay_the_grid_triangle_9x9_prize_center,
          minmay_the_grid_triangle_9x9_skeleton,
          minmay_the_grid_triangle_9x9_shrine,
          minmay_the_grid_triangle_9x9_minimal], layout_irregular_city,
          nicolae_yredelemnul_corpse_copse
Temple:   zaba_magenta_temple

Skill      XL: |  1  2  3  4  5  6  7  8  9 10 11 |
---------------+----------------------------------+-----
Throwing       | 1 2 3 5 6 7 8 |  8.3
Fighting       | 4 5 6 7 8 10 12 | 12.0
Axes           | 4 5 6 7 8 9 10 | 10.8
Evocations     | 1 2 3 4 5 6 7 |  7.6
Armour         | 3 4 5 6 8 9 10 | 10.4
Dodging        | |  2.1

Action                   |  1- 3 |  4- 6 |  7- 9 | 10-12 || total
-------------------------+-------+-------+-------+-------++-------
Melee: Hand axe          |    79 |   123 |    76 |    85 ||   363
       Headbutt          |     8 |    24 |    27 |    38 ||    97
       Punch             |       |     1 |       |     8 ||     9
       War axe           |       |       |    70 |       ||    70
       Halberd           |       |       |       |   128 ||   128
Throw: Dart              |       |     3 |       |       ||     3
       Boomerang         |       |     1 |       |       ||     1
Invok: Berserk           |     1 |     7 |     9 |     8 ||    25
       Trog's Hand       |       |     1 |     6 |     4 ||    11
Evoke: Condenser vane    |       |     1 |       |     1 ||     2
       Wand              |       |       |       |     1 ||     1
  Use: Scroll            |       |     9 |    10 |     3 ||    22
Armor: Animal skin       |     8 |       |       |       ||     8
       Chain mail        |       |    51 |    54 |       ||   105
       Leather armour    |       |     5 |       |       ||     5
       Gold dragon scale |       |       |    17 |   147 ||   164
Dodge: Dodged            |    48 |    84 |    60 |    80 ||   272
